 Dungeon Crawl Stone Soup version 0.31-a0-1424-g2add1c7226 (webtiles) character file.

Game seed: 12333112689400644353

4 Ofeo the Changeling (level 1, 0/28 HPs)
             Began as an Oni Shapeshifter on Dec 26, 2023.
             Slain by a kobold
             ... wielding a +2 dagger of venom
              (1 damage)
             ... on level 1 of the Dungeon.
             The game lasted 00:00:13 (110 turns).

Ofeo the Changeling (Oni Shapeshifter)               Turns: 110, Time: 00:00:13

Health: 0/28       AC: 20    Str: 17    XL:     1   Next: 60%
Magic:  1/1        EV:  1    Int: 11    God:
Gold:   13         SH:  0    Dex:  8    Spells: 0/0 levels left

rFire   . .          .
                       - Unarmed
rCold   . . .        (no shield)
rNeg    . . .        a - melded +0 animal skin
rPois   +            (helmet currently unavailable)
rElec   .            (cloak currently unavailable)
rCorr   .            (gloves unavailable)
SInv    .            (boots unavailable)
Will    .....        (no amulet)
Stlth   +            (no ring)
HPRegen 0.24/turn    (no ring)
MPRegen 0.07/turn

%: no passive effects
@: lethally poisoned (0 -> -17), tree-form
A: stationary, stasis, torment immunity, boosted hp, large, unfitting armour,
(horns 1), (tough skin 1), double potion healing, drunken brawling
a: no special abilities


You were on level 1 of the Dungeon.
You were a tree.
You visited 1 branch of the dungeon, and saw 1 of its levels.

You collected 13 gold pieces.

Inventory:

Armour
 a - a +0 animal skin (melded)
Talismans
 c - a beast talisman
 d - a flux talisman
Scrolls
 b - a scroll of enchant armour {unknown}


   Skills:
 + Level 1.6 Fighting
 + Level 1.8 Dodging
 + Level 2.7 Unarmed Combat
 + Level 3.0 Shapeshifting


You couldn't memorise any spells.
You didn't know any spells.
Your spell library was empty.

Dungeon Overview and Level Annotations

Branches:
Dungeon (1/15)

Altars:


Innate Abilities, Weirdness & Mutations

You are a tree.
Your roots penetrate the ground, keeping you stationary.
You cannot be teleported.
You are immune to unholy pain and torment.
Your maximum health is greatly increased.
Your equipment is partially melded.
You are too large for most types of armour.
((You have a pair of small horns on your head.))
((You have tough skin. (AC +1)))
You gain doubled healing and magic from potions.
Whenever you drink a healing potion, you attack all around you.


Message History

You feel very sick.
The kobold hits you with a +2 dagger of venom.
You are lethally poisoned!
You take 7 damage, and have 9/19 hp.
MASSIVE DAMAGE!!
You are too injured to fight recklessly!
You are too injured to fight recklessly!
You are too injured to fight recklessly!
You are too injured to fight recklessly!
You are too injured to fight recklessly!
You are too injured to fight recklessly!
You are too injured to fight recklessly!
You are too injured to fight recklessly!
You are too injured to fight recklessly!
You are too injured to fight recklessly!
There is a lethal amount of poison in your body!
There is a lethal amount of poison in your body!
You hit the kobold.
The kobold is moderately wounded.
* * * LOW HITPOINT WARNING * * *
You feel very sick.
The giant cockroach bites you but does no damage.
The kobold closely misses you.
You take 4 damage, and have 5/19 hp.
MASSIVE DAMAGE!!
Your transformation has ended.
You turn into a tree.
Your +0 animal skin melds into your body.
Your roots penetrate the ground.
* * * LOW HITPOINT WARNING * * *
You feel very sick.
The giant cockroach bites you but does no damage.
The kobold hits you but does no damage.
You are more poisoned.
You now have 5/28 hp.
You closely miss the kobold.
The kobold is moderately wounded.
* * * LOW HITPOINT WARNING * * *
You feel very sick.
The giant cockroach completely misses you.
The kobold hits you with a +2 dagger of venom.
You die...

#.#.......###.#
#.####....# #..
#†####....# ###
#######....'....#
# #
#.......####....#
#.##.......##
#....#
...>........#
#....#
............#
#......
...#..B♣|...#
####....
#.#.K####.# .....
#. ##. .# ..... .
.# .. .# ### .#
.# .#


You could see a giant cockroach and a kobold.

Vanquished Creatures
  A bat (D:1)
  A hobgoblin (D:1)
  A quokka (D:1)
3 creatures vanquished.

Notes
Turn   | Place    | Note
-------+----------+-------------------------------------------
     0 | D:1      | Ofeo the Oni Shapeshifter began the quest for the Orb.
     0 | D:1      | Reached XP level 1. HP: 19/19 MP: 1/1
   110 | D:1      | HP: 1/28 [poisoned by a kobold]
   110 | D:1      | Slain by a kobold

Illustrated notes

Levels and vault maps discovered:
D:1:      tarquinn_simple_flora_water_e, layout_basic, serial_shops, shop,
          minmay_tripent

Action                     || total
---------------------------++-------
  Melee: Unarmed           ||    13
         Headbutt          ||     1
    Use: Potion            ||     1
 Armour: Animal skin       ||    10
         Skin              ||     3
  Dodge: Dodged            ||     4

Table legend: (Time is in decaauts)
 A = Elapsed time spent in this place.
 B = Non-inter-level travel time spent in this place.
 C = Inter-level travel time spent in this place.
 D = Time resting spent in this place.
 E = Time spent auto-exploring this place.
 F = Levels seen in this place.
 G = Mean time per level.
                   A        B        C        D        E       F      G
               +--------+--------+--------+--------+--------+-----+--------+
         Total |    109 |    109 |      0 |      0 |     82 |   1 |  109.0 |
       Dungeon |    109 |    109 |      0 |      0 |     82 |   1 |  109.0 |
               +--------+--------+--------+--------+--------+-----+--------+

Top non-repeatable levels by time:
     D:1: 109 daAuts
